 Dungeon Crawl Stone Soup version 0.29-a0-819-g94b489e0ae (webtiles) character file.

Game seed: 772372031353175407

63 Lekart the Trooper (level 3, -3/28 (33) HPs)
             Began as a Draconian Fighter on July 7, 2022.
             Slain by Terence
             ... wielding the +7 Throatcutter {drain, coup de grace}
              (7 damage)
             ... on level 2 of the Dungeon.
             The game lasted 00:01:27 (1474 turns).

Lekart the Trooper (Draconian Fighter)              Turns: 1474, Time: 00:01:28

HP:   -3/28 (33)    AC:  6    Str: 20    XL:     3   Next: 87%
MP:   3/3           EV: 12    Int:  8    God:
Gold: 12            SH:  4    Dex: 10    Spells: 2/2 levels left

rFire   . . .      SeeInvis .   a - +0 war axe
rCold   . . .      Faith    .   b - +0 buckler
rNeg    . . .      Spirit   .   (body armour unavailable)
rPois   .          Reflect  .   (helmet restricted)
rElec   .          Harm     .   (no cloak)
rCorr   .          Rampage  .   (no gloves)
Will    .....                   g - +0 pair of boots
Stlth   +.........              (no amulet)
HPRegen 0.09/turn               (no ring)
MPRegen 0.08/turn               (no ring)

@: heavily drained
A: AC +5, unfitting armour, cold-blooded
a: no special abilities


You were on level 2 of the Dungeon.
You visited 1 branch of the dungeon, and saw 2 of its levels.

You collected 12 gold pieces.

Inventory:

Hand Weapons
 a - a +0 war axe (weapon)
Armour
 b - a +0 buckler (worn)
 g - a +0 pair of boots (worn)
Jewellery
 e - an amulet of faith
Scrolls
 c - a scroll of poison {unknown}
 h - a scroll of immolation {unknown}
 i - a scroll of teleportation {unknown}
 j - a scroll of identify {unknown}
Potions
 d - a potion of heal wounds
 f - a potion of mutation {unknown}


   Skills:
 + Level 3.8 Fighting
 + Level 2.8 Axes
 + Level 3.2 Dodging
 + Level 3.4 Shields


You had 2 spell levels left.
You didn't know any spells.
Your spell library was empty.

Dungeon Overview and Level Annotations

Branches:
Dungeon (2/15)

Altars:

Annotations:
D:2 Terence


Innate Abilities, Weirdness & Mutations

Your plain brown scales are hard. (AC +5)
You cannot fit into any form of body armour.
You are cold-blooded and may be slowed by cold attacks.


Message History

Terence closely misses you. Terence hits you but does no damage.
You feel drained.
You barely miss Terence.
You tail-slap Terence, but do no damage.
Terence is heavily wounded.
You hit the rat but do no damage. Terence closely misses you.
The rat misses you.
You barely miss Terence.
Terence is heavily wounded.
You slash the rat!
You kill the rat!
Terence hits you with the +7 Throatcutter {drain, coup de grace}.
You feel drained. Terence closely misses you.
You slash Terence!
Terence is almost dead.
Terence barely misses you.
You hit Terence.
Terence is almost dead.
Terence hits you with the +7 Throatcutter {drain, coup de grace}!
You feel drained.
You are too injured to fight recklessly!
You are too injured to fight recklessly!
You hit Terence but do no damage.
Terence is almost dead.
Terence misses you. Terence barely misses you.
You closely miss Terence.
Your tail-slap misses Terence.
Terence is almost dead.
Terence hits you with the +7 Throatcutter {drain, coup de grace}.
You feel drained.
You closely miss Terence.
Terence is almost dead.
Terence hits you with the +7 Throatcutter {drain, coup de grace}.
* * * LOW HITPOINT WARNING * * *
You feel drained.
* * * LOW HITPOINT WARNING * * *
You hit Terence but do no damage.
Terence is almost dead.
Terence says, "How do you enjoy it?"
Terence hits you with the +7 Throatcutter {drain, coup de grace}!
You die...

#.......########
.....<>........!#
........?.......# ##
...........>....# ###.
..........!.....# ##...
................# ##..##
................###..###
......@@..$.......#.###.
.........:..........)...
..................).###.
.....<................#.
...................[....
..........##........##..
...........##.......##..
........##..##.#########
.....# . ##.### #


You could see Terence.

Vanquished Creatures
  2 adders (D:2)
  A worm (D:2)
  A dart slug (D:1)
  3 endoplasms (D:2)
  5 giant cockroaches
  A goblin (D:2)
  4 hobgoblins
  10 jackals
  2 ball pythons
  A bat (D:2)
  A frilled lizard (D:1)
  2 kobolds (D:2)
  2 rats
35 creatures vanquished.

Notes
Turn   | Place    | Note
-------+----------+-------------------------------------------
     0 | D:1      | Lekart the Draconian Fighter began the quest for the Orb.
     0 | D:1      | Reached XP level 1. HP: 19/19 MP: 1/1
    36 | D:1      | Found a faded altar of an unknown god.
   410 | D:1      | Reached XP level 2. HP: 26/26 MP: 2/2
  1063 | D:2      | Reached XP level 3. HP: 26/31 MP: 3/3
  1461 | D:2      | Noticed Terence
  1474 | D:2      | Slain by Terence

Illustrated notes

Levels and vault maps discovered:
D:1:      minmay_arrival_three_doors, layout_basic,
          hellmonk_ecumenical_altar_arch_garden
D:2:      minmay_alternating_diamond, layout_rooms, uniq_crazy_yiuf_cottage,
          uniq_terence

Skill      XL: |  1  2 |
---------------+-------+-----
Dodging        | 3 |  3.2
Fighting       | |  3.8
Axes           | |  2.8
Shields        | |  3.4

Action                   || total
-------------------------++-------
Melee: War axe           ||    93
       Tailslap          ||    12
  Use: Potion            ||     2
Armor: Skin              ||    54
Dodge: Dodged            ||    98
Block: Buckler           ||    37

Table legend: (Time is in decaauts)
 A = Elapsed time spent in this place.
 B = Non-inter-level travel time spent in this place.
 C = Inter-level travel time spent in this place.
 D = Time resting spent in this place.
 E = Time spent auto-exploring this place.
 F = Levels seen in this place.
 G = Mean time per level.
                   A        B        C        D        E       F      G
               +--------+--------+--------+--------+--------+-----+--------+
         Total |   1519 |   1442 |     77 |      0 |   1203 |   2 |  759.5 |
       Dungeon |   1519 |   1442 |     77 |      0 |   1203 |   2 |  759.5 |
               +--------+--------+--------+--------+--------+-----+--------+

Top non-repeatable levels by time:
     D:2: 805 daAuts
     D:1: 713 daAuts
